 Dungeon Crawl Stone Soup version 0.26-a0-1038-gfb849e850a (webtiles) character file.

Game seed: 7900476244439312511

589 Majang the Chopper (level 7, -1/49 HPs)
             Began as a Halfling Fighter on Dec 11, 2020.
             Slain by an orc warrior
             ... wielding a +0 mace
              (13 damage)
             ... on level 4 of the Dungeon.
             The game lasted 00:09:22 (3413 turns).

Majang the Chopper (Halfling Fighter)               Turns: 3413, Time: 00:09:22

Health: -1/49      AC: 12    Str: 19    XL:     7   Next: 65%
Magic:  7/7        EV:  9    Int:  6    God:
Gold:   162        SH: 10    Dex: 14    Spells: 6/6 levels left

rFire    . . .     SeeInvis .   a - +0 war axe
rCold    . . .     Faith    .   c - +0 kite shield
rNeg     + . .     Spirit   .   b - +0 scale mail
rPois    .         Reflect  .   f - +2 helmet
rElec    .         Harm     .   m - +1 cloak
rCorr    .         Rampage  .   (no gloves)
Will     .....                  (no boots)
Stlth    ..........             j - amulet of the acrobat
HPRegen  0.16/turn              i - ring of positive energy
MPRegen  0.10/turn              (no ring)

@: no status effects
A: small, mutation resistance 1
a: no special abilities


You were on level 4 of the Dungeon.
You visited 1 branch of the dungeon, and saw 4 of its levels.

You collected 162 gold pieces.

Inventory:

Hand Weapons
 a - a +0 war axe (weapon)
Armour
 b - a +0 scale mail (worn)
 c - a +0 kite shield (worn)
 f - a +2 helmet (worn)
 m - a +1 cloak (worn)
Jewellery
 i - a ring of positive energy (left hand)
 j - an amulet of the acrobat (around neck)
Wands
 n - a wand of acid (11)
 p - a wand of digging (2)
Scrolls
 e - 8 scrolls of identify
 g - 4 scrolls of teleportation
 h - a scroll of remove curse {unknown}
 k - a scroll of fog
Potions
 d - a potion of flight


   Skills:
 + Level 4.5 Fighting
 * Level 6.2 Axes
 + Level 3.6 Armour
 + Level 1.0 Dodging
 + Level 3.6 Shields
 + Level 0.9 Evocations


You had 6 spell levels left.
You didn't know any spells.
Your spell library was empty.

Dungeon Overview and Level Annotations

Branches:
Dungeon (4/15)
 Temple: D:4-7

Altars:

Annotations:
D:4 2 runed translucent doors


Innate Abilities, Weirdness & Mutations

You are small and have problems with some larger weapons.
You are somewhat resistant to further mutation.


Message History

You closely miss the orc warrior.
The orc warrior is heavily wounded.
You block the orc warrior's attack.
You closely miss the orc warrior.
The orc warrior is heavily wounded.
You block the orc warrior's attack.
You slash the orc warrior!
The orc warrior is severely wounded.
You block the orc warrior's attack.
You hit the orc warrior but do no damage.
The orc warrior is severely wounded.
The orc warrior hits you with a +0 mace.
* * * LOW HITPOINT WARNING * * *
You hit the orc warrior but do no damage.
The orc warrior is severely wounded.
You block the orc warrior's attack. The orc warrior barely misses you.
You barely miss the orc warrior.
The orc warrior is severely wounded.
The orc warrior hits you with a +0 mace!
You die...

## ###### .# #.....# .#
#.....############ .#
#................########
.#
......##.###.##.........#
.###
#.....#..###.......####.
...# #.................#
.#.#
#.#..######..######...#
...# #.#.##.@..#### ..#
...# #.#.#.#o##?# .# ...#
#.###.#.#.#..# # ...#
#.......#(###.. ...#
#####.#.#†#.##:# ##.#
#.#.##†#.###
...#######.#..###'#
..................#
...#######.#...#.##


You could see an orc warrior.

Vanquished Creatures
  Grinder (D:3)
  Duvessa (D:4)
  A bullfrog (D:3)
  Dowan (D:4)
  4 gnolls
  3 adders
  3 worms (D:3)
  A dart slug (D:1)
  4 leopard geckos
  4 orcs (D:4)
  6 giant cockroaches
  12 goblins
  12 hobgoblins
  6 jackals (D:4)
  5 kobolds
  2 quokkas (D:3)
  A ball python (D:4)
  6 bats
  2 frilled lizards (D:1)
  A leopard gecko skeleton (D:4)
  4 rats
80 creatures vanquished.

Notes
Turn   | Place    | Note
-------+----------+-------------------------------------------
     0 | D:1      | Majang the Halfling Fighter began the quest for the Orb.
     0 | D:1      | Reached XP level 1. HP: 15/15 MP: 1/1
   278 | D:1      | Reached XP level 2. HP: 20/20 MP: 2/2
   549 | D:1      | Reached skill level 3 in Axes
   549 | D:1      | Reached XP level 3. HP: 25/26 MP: 3/3
  1451 | D:2      | Reached XP level 4. HP: 31/31 MP: 4/4
  1617 | D:3      | Noticed a bullfrog
  1630 | D:3      | Killed a bullfrog
  1631 | D:3      | Reached skill level 4 in Axes
  1631 | D:3      | Reached XP level 5. HP: 27/36 MP: 5/5
  2277 | D:3      | Noticed Grinder
  2293 | D:3      | Killed Grinder
  2294 | D:3      | Reached skill level 5 in Axes
  2294 | D:3      | Reached XP level 6. HP: 12/44 MP: 6/6
  2294 | D:3      | Reached XP level 7. HP: 14/49 MP: 7/7
  2963 | D:4      | Noticed Duvessa
  2963 | D:4      | Noticed Dowan
  2984 | D:4      | Killed Duvessa
  2985 | D:4      | Reached skill level 6 in Axes
  2989 | D:4      | Killed Dowan
  2990 | D:4      | Reached skill level 1 in Dodging
  3352 | D:4      | Found a large runed translucent door.
  3352 | D:4      | Found a large runed translucent door.
  3413 | D:4      | Slain by an orc warrior

Illustrated notes

Levels and vault maps discovered:
D:1:      lordsloth_arrival_two_stooges, layout_basic
D:2:      layout_basic, chequers_serial_rivers_micro_a
D:3:      layout_basic, uniq_grinder
D:4:      layout_loops_corners, lemuel_doored_altar,
          minmay_hollow_rounded_squares, uniq_duvessa

Skill      XL: |  1  2  3  4  5  6  7 |
---------------+----------------------+-----
Fighting       | 3 4 |  4.5
Axes           | 3 4 5 6 |  6.2
Dodging        | 1 |  1.0
Armour         | |  3.6
Shields        | |  3.6
Evocations     | |  0.9

Action                   |  1- 3 |  4- 6 |  7- 9 || total
-------------------------+-------+-------+-------++-------
Melee: War axe           |    91 |    85 |   112 ||   288
  Use: Potion            |       |     1 |     2 ||     3
       Scroll            |       |       |     4 ||     4
Armor: Scale mail        |    29 |    25 |    44 ||    98
Dodge: Dodged            |    31 |    29 |    41 ||   101
Block: Kite shield       |    54 |    38 |    51 ||   143

Table legend: (Time is in decaauts)
 A = Elapsed time spent in this place.
 B = Non-inter-level travel time spent in this place.
 C = Inter-level travel time spent in this place.
 D = Time resting spent in this place.
 E = Time spent auto-exploring this place.
 F = Levels seen in this place.
 G = Mean time per level.
                   A        B        C        D        E       F      G
               +--------+--------+--------+--------+--------+-----+--------+
         Total |   3518 |   3418 |    100 |    674 |   1993 |   4 |  879.5 |
       Dungeon |   3518 |   3418 |    100 |    674 |   1993 |   4 |  879.5 |
               +--------+--------+--------+--------+--------+-----+--------+

Top non-repeatable levels by time:
     D:3: 1364 daAuts
     D:2: 860 daAuts
     D:1: 711 daAuts
     D:4: 581 daAuts
